 Dungeon Crawl Stone Soup version 0.12.2-14-g7c90c79 (webtiles) character file.

465 MarVin the Chopper (level 6, -3/48 HPs)
             Began as a Demonspawn Fighter on Aug 5, 2013.
             Splashed by acid (14 damage)
             ... in a sewer.
             The game lasted 00:15:04 (3786 turns).

MarVin the Chopper (Demonspawn Fighter)             Turns: 3786, Time: 00:15:06

HP  -3/48        AC 10     Str 19      XL: 6   Next: 37%
MP   5/5         EV  4     Int  9      God:
Gold 107         SH 19     Dex 12      Spells:  0 memorised,  5 levels left

Res.Fire  : . . .   See Invis. : .   r - +1 orc war axe
Res.Cold  : + . .   Warding    : .   n - +2 elf chain mail {rPois}
Life Prot.: . . .   Conserve   : .   g - +0 dwarf shield
Res.Poison: +       Res.Corr.  : .   (no helmet)
Res.Elec. : .       Clarity    : .   (no cloak)
Sust.Abil.: . .     Spirit.Shd : .   (no gloves)
Res.Mut.  : .       Stasis     : .   (no boots)
Res.Rott. : .       Ctrl.Telep.: .   (no amulet)
Saprovore : . . .   Flight     : .   (no ring)
                                     (no ring)

@: slowed, very slow, slightly resistant to hostile enchantments, extremely
unstealthy
A: hooves 2, cold resistance 1, powered by death 1
a: no special abilities


You were in a sewer.
You were not hungry.

You visited 1 branch of the dungeon, and saw 4 of its levels.
You also visited: Sewer.

You collected 87 gold pieces.

Inventory:

Hand weapons
 a - a +0,+0 hand axe {=f}
 k - a +0,+0 war axe
 r - a +1,+1 orcish war axe (weapon)
Armour
 b - a +0 scale mail
 c - a +0 shield
 g - a +0 dwarven shield (worn)
 n - a +2 elven chain mail of poison resistance (worn)
Magical devices
 o - a wand of slowing (12)
Comestibles
 d - 5 bread rations
 m - a meat ration
 B - a chunk of adder flesh
Scrolls
 e - 2 scrolls of curse weapon {unknown}
 f - 2 scrolls of identify {unknown}
 h - 4 scrolls of noise {unknown}
 i - a scroll of remove curse {unknown}
 j - 2 scrolls of enchant armour {unknown}
 q - a scroll of curse armour {unknown}
 s - a scroll of recharging {unknown}
 y - a scroll of teleportation {unknown}
 z - a scroll of enchant weapon II {unknown}
 C - a scroll of amnesia {unknown}
Jewellery
 x - an uncursed ring of protection from magic {unknown}
Potions
 t - a potion of restore abilities {unknown}
 u - a potion of curing
 v - a potion of flight {unknown}
 w - a potion of mutation {unknown}
Magical staves
 p - an uncursed staff of fire {unknown}


   Skills:
 - Level 3.2 Fighting
 + Level 5.0 Axes
 - Level 4.0 Armour
 - Level 0.3 Dodging
 - Level 3.0 Shields


You had 5 spell levels left.
You didn't know any spells.

Dungeon Overview and Level Annotations

Branches:
Dungeon (4/27)
 Temple: D:4-7

Altars:
Cheibriados
Makhleb
Zin
the Shining One


Innate Abilities, Weirdness & Mutations

You have hoof-like feet.
Your flesh is cold resistant.
You can steal the life force of nearby defeated enemies.


Message History

Drink which item? (? for menu, Esc to quit)
You feel yourself slow down.
It was a potion of slowing.
The jelly hits you but does no damage.
The giant gecko bites you but does no damage.
Drink which item? (? for menu, Esc to quit)
You feel better.
It was a potion of curing.
The jelly hits you but does no damage.
The giant gecko bites you but does no damage.
You hit the jelly.
The jelly is heavily wounded.
Your shield and chain mail prevent you from hitting the giant gecko.
You block the jelly's attack.
The giant gecko bites you but does no damage.
You slash the jelly! You kick the jelly!
The jelly is almost dead.
You closely miss the giant gecko. The jelly hits you but does no damage.
The jelly hits you.
* * * LOW HITPOINT WARNING * * *
You are splashed with acid!
The acid burns!
You die...

#############
#####%≈≈≈≈≈≈≈≈.≈#
###.∩..%.≈..≈≈≈.≈.#
#≈...≈#########≈≈≈#
#∩.≈####%.≈%.≈%..≈≈#
#####l≈≈≈#####≈≈≈≈≈#
##≈≈≈J@≈≈# #######
##≈≈≈≈≈####
##≈≈≈≈### #≈≈≈≈##
#≈≈≈## #≈≈.≈# #≈≈≈##
#≈.≈# #≈.≈#


You could see a jelly and a giant gecko.

Vanquished Creatures
  A scorpion (D:4)
  2 orc wizards (D:3)
  Terence (D:2)
  4 gnolls (D:3)
  9 adders
  A worm (D:3)
  5 giant mites
  A giant eyeball (D:4)
  6 giant geckos
  2 oozes
  20 orcs
  2 goblins
  5 hobgoblins
  2 quokkas (D:3)
  4 ball pythons (Sewer)
  6 bats
  4 giant cockroaches
  10 giant newts
  12 kobolds
  7 rats
104 creatures vanquished.

Vanquished Creatures (others)
  A rat (D:3)
1 creature vanquished.

Grand Total: 105 creatures vanquished

Notes
Turn   | Place    | Note
--------------------------------------------------------------
     0 | D:1      | MarVin, the Demonspawn Fighter, began the quest for the Orb.
     0 | D:1      | Reached XP level 1. HP: 18/18 MP: 0/0
   578 | D:1      | Reached XP level 2. HP: 13/24 MP: 1/1
   908 | D:2      | Found a glowing silver altar of Zin.
  1100 | D:2      | Gained mutation: You have large cloven feet. [demonic ancestry]
  1100 | D:2      | Gained mutation: Your flesh is cold resistant. [demonic ancestry]
  1100 | D:2      | Reached XP level 3. HP: 18/30 MP: 2/2
  1511 | D:2      | Noticed Terence
  1539 | D:2      | Killed Terence
  1713 | D:2      | Found a burning altar of Makhleb.
  1713 | D:2      | Noticed a balrug
  1716 | D:2      | Noticed a ynoxinul
  1716 | D:2      | Noticed a ynoxinul
  1802 | D:2      | Found a snail-covered altar of Cheibriados.
  1956 | D:2      | Gained mutation: You have hoof-like feet. [demonic ancestry]
  1956 | D:2      | Reached XP level 4. HP: 36/36 MP: 3/3
  2602 | D:3      | Gained mutation: You can steal the life force of nearby defeated enemies. [demonic ancestry]
  2602 | D:3      | Reached XP level 5. HP: 35/42 MP: 4/4
  2640 | D:3      | Reached skill level 4 in Armour
  3573 | D:4      | Reached XP level 6. HP: 44/48 MP: 5/5
  3618 | D:4      | Found a glowing golden altar of the Shining One.
  3656 | D:4      | Found a glowing drain.
  3686 | Sewer    | Entered a sewer
  3767 | Sewer    | Reached skill level 5 in Axes
  3782 | Sewer    | HP: 2/48 [acid (10)]
  3786 | Sewer    | Splashed by acid

Action                   |  1- 3 |  4- 6 || total
-------------------------+-------+-------++-------
Melee: Hand axe          |    40 |       ||    40
       War axe           |    70 |   200 ||   270
  Use: Potion            |       |     2 ||     2
